Description

Roach all in ZvP

VOD

https://www.youtube.com/watch?v=ZLsXy_i8Nqk

Build Order

Get SALT Encoding   

  13  0:12  Overlord  
  17  0:52  Hatchery  
  18  1:12  Spawning Pool  
  17  1:13  Extractor  
  20  1:55  Overlord  
  20  1:59  Queen  
  22  2:07  Queen  
  26  2:15  Metabolic Boost  
  30  2:33  Overlord  
  33  2:51  Lair  
  34  3:03  Zergling x2  
  34  3:05  Zergling x2  
  39  3:16  Overlord  
  42  3:21  Roach Warren  
  41  3:34  Extractor x2  
  43  3:47  Spore Crawler  
  42  3:56  Spore Crawler  
  42  4:00  Overlord  
  43  4:03  Roach x5  
  43  4:05  Glial Reconstitution  
  51  4:19  Roach  
  51  4:20  Roach  
  55  4:24  Roach x2  
  55  4:29  Roach  
  79  5:09  Ravager x2  
  79  5:13  Ravager  
  82  5:14  Zergling x2  
  82  5:15  Zergling x6  
  86  5:24  Zergling x4  
  79  5:36  Zergling x4  
  77  5:49  Ravager x2  
Spawning Tool Build Advisor. Get it on Overwolf

Go to:

Details

  • Created by: Ortek
  • Published on: May 24, 2020
  • Modified on: May 29, 2020
  • Patch: 4.11.0
  • Difficulty: Easy
Show
View Real Time Build Order
Export as new Build Order

Comments (0)

There are no comments. Be the first!

Create an account to comment!